AoeStats
← Ingvared

Oasis

510115540Analyzed
4v4 RM · 2d ago on Sep 29, 2026· 43m 57s· 8 players
Game mode
Random Map
Map size
Large (8 player)
Population
200
Speed
Normal
Resources
Standard
Victory
Conquest
Starting age
Dark Age
Ending age
Imperial Age
RankedLock teamsTeams togetherTeam positionsShared explorationLock speedFull tech treeHidden civsTurbo modeCheats
Victory
Defeat
🇺🇸 Byzantines · United States
920
+14
🇩🇪 Saxons · Germany
873
+16
🇪🇸 Franks · Spain
850
+17
🇩🇪 Wei · Germany
810
+18
🇺🇸 Celts · United States
907
-17
🇹🇼 Burgundians · Taiwan
903
-18
🇨🇱 Franks · Chile
890
-17
🇨🇳 Teutons · China
777
-13
decayon
10:33 Feudal Age
11:17 Double-Bit Axe
11:31 Horse Collar
13:13 Wheelbarrow
14:37 Loom
17:21 Castle Age
18:46 Hand Cart
18:58 Bow Saw
21:33 Hand Cart
21:31 Heavy Plow
23:16 Stone Mining
26:51 Treadmill Crane
29:48 Imperial Age
29:27 Caravan
29:28 Murder Holes
29:48 Gold Mining
30:34 Stone Shaft Mining
31:02 Husbandry
31:16 Forging
31:12 Scale Barding Armor
30:58 Fletching
32:32 Gold Shaft Mining
32:41 Conscription
33:10 Iron Casting
32:56 Chain Barding Armor
32:37 Bodkin Arrow
34:13 Plate Barding Armor
34:33 Elite Cataphract
36:19 Hoardings
36:47 Logistica
36:55 Bracer
38:15 Chemistry
43:07 Murder Holes
43:32 Ballistics
43:34 Bombard Tower
Wilh3lm
1:24 Loom
11:13 Feudal Age
13:05 Wheelbarrow
12:18 Double-Bit Axe
15:07 Horse Collar
17:31 Castle Age
19:21 Bow Saw
23:30 Heavy Plow
24:31 Man-at-Arms
25:16 Scale Mail Armor
26:20 Long Swordsman
30:36 Imperial Age
28:52 Hand Cart
28:40 Gambesons
29:42 Forging
29:49 Chain Mail Armor
30:13 Fletching
31:00 Iron Casting
31:39 Conscription
32:00 Caravan
32:40 Plate Mail Armor
31:58 Arson
32:14 Squires
33:30 Bodkin Arrow
33:08 Elite Hearth Troop
35:18 Ballistics
34:54 Murder Holes
36:00 Chemistry
35:11 Masonry
34:57 Town Watch
37:14 Bracer
36:38 Pikeman
38:22 Two-Man Saw
42:54 Coinage
Ingvared
1:18 Loom
13:03 Feudal Age
13:46 Double-Bit Axe
13:42 Horse Collar
15:16 Wheelbarrow
14:39 Gold Mining
17:24 Stone Mining
21:58 Castle Age
21:26 Fletching
25:14 Bow Saw
26:36 Hand Cart
29:14 Bloodlines
29:18 Forging
29:51 Scale Barding Armor
36:13 Heavy Plow
38:32 Iron Casting
37:57 Scale Mail Armor
38:17 Murder Holes
38:17 Pikeman
38:58 Squires
38:44 Arson
40:04 Town Watch
40:36 Chain Mail Armor
43:34 Imperial Age
41:42 Tuntian
41:49 Bodkin Arrow
44:42 Ming Guang Armor
44:39 Conscription
44:46 Ming Guang Armor
43:44 Halberdier
sentoginerzarra
0:54 Loom
13:32 Feudal Age
14:50 Wheelbarrow
14:05 Double-Bit Axe
14:16 Stone Mining
14:25 Gold Mining
22:57 Castle Age
21:41 Forging
21:36 Scale Barding Armor
24:12 Hand Cart
24:11 Bow Saw
24:45 Gold Shaft Mining
28:41 Husbandry
30:02 Fervor
29:24 Light Cavalry
31:38 Chain Barding Armor
32:00 Iron Casting
36:55 Imperial Age
34:29 Scale Mail Armor
36:48 Chain Mail Armor
38:13 Plate Barding Armor
38:39 Blast Furnace
38:09 Plate Mail Armor
37:46 Chivalry
37:11 Cavalier
38:16 Conscription
38:26 Caravan
38:29 Paladin
40:10 Fortified Wall
41:01 Chemistry
40:14 Siege Engineers
40:34 Ballistics
40:20 Murder Holes
40:07 Treadmill Crane
41:38 Fletching
43:22 Hoardings
42:09 Ordonnance Companies
42:12 Elite Throwing Axeman
Anipazronkin
0:31 Loom
13:48 Feudal Age
15:51 Wheelbarrow
15:02 Town Watch
15:50 Stone Mining
15:48 Double-Bit Axe
15:45 Horse Collar
17:06 Gold Mining
19:53 Fletching
24:21 Castle Age
25:36 Caravan
25:54 Bow Saw
25:47 Heavy Plow
26:35 Hand Cart
Quincha
12:59 Feudal Age
16:29 Castle Age
15:32 Double-Bit Axe
17:49 Wheelbarrow
17:39 Bow Saw
24:54 Stone Mining
24:54 Gold Mining
28:09 Hand Cart
30:45 Imperial Age
28:04 Loom
28:06 Town Watch
30:51 Husbandry
31:02 Scale Barding Armor
31:08 Forging
31:35 Cavalier
34:21 Iron Casting
33:15 Paladin
36:13 Chain Barding Armor
37:13 Blast Furnace
36:23 Chivalry
36:39 Fletching
36:50 Padded Archer Armor
38:26 Chivalry
38:43 Heavy Scorpion
42:22 Plate Barding Armor
42:33 Gold Shaft Mining
41:29 Pikeman
42:09 Squires
41:55 Gambesons
41:56 Arson
42:14 Scale Mail Armor
42:10 Bodkin Arrow
[ LZYQ ]SKY
10:46 Loom
13:26 Feudal Age
14:41 Horse Collar
14:49 Double-Bit Axe
18:00 Bow Saw
20:22 Castle Age
19:27 Heavy Plow
22:14 Husbandry
21:36 Light Cavalry
24:44 Wheelbarrow
25:11 Two-Man Saw
24:51 Crop Rotation
25:20 Scale Barding Armor
25:55 Cavalier
28:33 Hand Cart
29:40 Gold Mining
32:07 Forging
32:17 Chain Barding Armor
33:07 Gold Shaft Mining
34:20 Iron Casting
33:56 Burgundian Vineyards
34:42 Caravan
38:55 Imperial Age
36:12 Town Watch
38:56 Paladin
41:06 Plate Barding Armor
41:32 Blast Furnace
41:18 Conscription
42:21 Squires
41:42 Pikeman
41:43 Man-at-Arms
伐伐伐伐木工
11:43 Feudal Age
12:01 Loom
12:34 Double-Bit Axe
17:39 Wheelbarrow
22:00 Castle Age
21:23 Horse Collar
21:40 Stone Mining
21:40 Gold Mining
23:31 Stone Shaft Mining
23:01 Heavy Plow
25:25 Pikeman
26:06 Squires
26:23 Forging
26:14 Scale Mail Armor
26:33 Town Watch
29:37 Bow Saw
31:53 Fortified Wall
31:56 Masonry
32:11 Bloodlines
40:25 Imperial Age
39:06 Ironclad
39:43 Iron Casting
41:20 Chain Mail Armor
41:11 Scale Barding Armor
42:36 Onager
45:01 Blast Furnace
44:32 Plate Mail Armor
Connection lost

Rejoining the realm…

Still unreachable

The connection could not be restored.

Session expired

The server has moved on; the page needs a fresh start.